 Dungeon Crawl Stone Soup version 0.17.1-3-g152610e (webtiles) character file.

28 Gargoyl the Skirmisher (level 2, 0/24 HPs)
             Began as a Demonspawn Abyssal Knight on Mar 18, 2016.
             Was a Follower of Lugonu.
             Slain by an adder (4 damage)
             ... on level 2 of the Dungeon.
             The game lasted 00:02:05 (1665 turns).

Gargoyl the Skirmisher (Demonspawn Abyssal Knight)  Turns: 1665, Time: 00:02:05

Health: 0/24       AC:  5    Str: 12    XL:     2   Next: 96%
Magic:  4/4        EV: 11    Int: 13    God:    Lugonu [*.....]
Gold:   46         SH:  2    Dex: 12    Spells: 0 memorised, 1 level left

rFire  . . .     SeeInvis .     a - +1 hand axe
rCold  . . .     Clarity  .     b - +0 leather armour
rNeg   . . .     SustAt   .     (no shield)
rPois  .         Gourm    .     (no helmet)
rElec  .         Spirit   .     (no cloak)
rCorr  .         Warding  .     (no gloves)
rMut   .         Stasis   .     (no boots)
MR     .....                    (no amulet)
Stlth  +.........               (no ring)
                                (no ring)

@: lethally poisoned (0 -> -1), not resistant to hostile enchantments, very
unstealthy
A: large bone plates 1
a: Depart the Abyss, Renounce Religion


You were on level 2 of the Dungeon.
You worshipped Lugonu.
Lugonu was aware of your devotion.
You were hungry.

You visited 1 branch of the dungeon, and saw 2 of its levels.
You visited the Abyss 1 time.

You collected 46 gold pieces.

Inventory:

Hand Weapons
 a - a +1 hand axe (weapon)
Armour
 b - a +0 leather armour (worn)
Scrolls
 d - a scroll of identify {unknown}
 e - a scroll of fog {unknown}
 i - a scroll of immolation {unknown}
Comestibles
 c - 2 bread rations
 f - a meat ration
 h - a slice of pizza


   Skills:
 + Level 3.4 Fighting
 + Level 2.0 Axes
 + Level 2.0 Armour
 + Level 1.3 Dodging
 + Level 0.2 Stealth
 + Level 2.8 Invocations


You had one spell level left.
You didn't know any spells.

Dungeon Overview and Level Annotations

Branches:
Dungeon (2/15)

Altars:


Innate Abilities, Weirdness & Mutations

You are partially covered in large bone plates (AC +2, SH +2).


Message History

The adder poisons you!
You closely miss the adder.
You feel sick. The adder bites you.
You barely miss the adder. The adder misses you.
The adder bites you but does no damage.
You miss the adder.
You feel sick. The adder bites you.
You completely miss the adder. The adder bites you.
* * * LOW HITPOINT WARNING * * *
The adder bites you but does no damage.
You closely miss the adder. The adder bites you but does no damage.
The adder bites you but does no damage.
You miss the adder.
You feel sick. The adder bites you but does no damage.
You miss the adder. The adder barely misses you. The adder barely misses you.
You aren't carrying any potions.
Okay, then.
Read which item? (? for menu, Esc to quit)
Okay, then.
You hit the adder.
The adder is lightly wounded.
You feel sick. The adder bites you.
You die...

..# ..# #.. #.. ### #.#
#..# #.. #.# .. #..# #.#
#.###.... #..# #.#
#........ #..# #.#
#S###..(. #..# #.# #@#
.## #
#..#####.###.###..#
##.##.................#
...#...###............#
#............##.......#
####...########.......#
#####.## #.........
......#########.......##
.......<..............#


You could see an adder.

Vanquished Creatures
  A giant gecko (D:1)
  A giant cockroach (D:1)
  6 hobgoblins
  2 jackals (D:2)
  2 kobolds (D:1)
  6 bats (D:1)
  A giant newt (D:1)
  3 goblins (D:1)
  A rat (D:1)
23 creatures vanquished.

Notes
Turn   | Place    | Note
--------------------------------------------------------------
     0 | Abyss:1  | Gargoyl the Demonspawn Abyssal Knight began the quest for the Orb.
     0 | Abyss:1  | Reached XP level 1. HP: 18/18 MP: 2/2
    81 | Abyss:1  | Found a blossoming altar of Fedhas.
    81 | Abyss:1  | Noticed a quasit
   182 | Abyss:1  | Noticed a small abomination
   183 | Abyss:1  | Noticed a large abomination
   192 | Abyss:1  | Noticed a small abomination
   193 | Abyss:1  | Noticed a neqoxec
   193 | D:1      | Escaped the Abyss
   658 | D:1      | Reached skill level 1 in Dodging
   682 | D:1      | Gained mutation: You are partially covered in large bone plates (AC +2, SH +2). [demonic ancestry]
   682 | D:1      | Reached XP level 2. HP: 16/24 MP: 3/3
   887 | D:1      | Reached * piety under Lugonu
  1665 | D:2      | Slain by an adder

Action                   || total
-------------------------++-------
Melee: Hand axe          ||    89
Invok: Depart the Abyss  ||     1
  Eat: Chunk             ||     2
